cohdb
Replays
Latest Replays
All Replays
Popular Replays
Top Player Replays
Match Explorer
How It Works
Community
CoH3 Stats
Reddit
Sign in to upload your games and track your stats! →
Sign in with Steam
Match 46716521
Unlisted
Match 46716521
Overview
Messages
Build Orders
End
Kradschützen Motorcycle Team
Selects Italian Combined Arms Battlegroup
Selects Bersaglieri Squad
Bersaglieri Squad
Bersaglieri Squad
Construct Light Support Kompanie
Bersaglieri Squad
Construct Mechanized Kompanie
Panzerjäger Mechanized Group
Selects Semovente da 75/18 Assault Gun
8 Rad Armored Car
Selects Carro Armato M13/40 Light Tank
Panzerjäger Squad
Carro Armato M13/40 Light Tank
Panzerjäger Mechanized Group
Vehicle Survival Package
Carro Armato M13/40 Light Tank
Selects Pact of Steel
Support Armor Elements
water
stmodst
0
0
Comments
sign in to comment!
No comments posted yet!